 Dungeon Crawl Stone Soup version 0.25.0 (webtiles) character file.

Game seed: 2080401933845022042

61 Anorak87 the Charmwright (level 3, -4/30 HPs)
             Began as a Draconian Skald on June 12, 2020.
             Slain by Sigmund
             ... wielding a cursed -2 scythe
              (14 damage)
             ... on level 3 of the Dungeon.
             The game lasted 00:10:08 (1330 turns).

Anorak87 the Charmwright (Draconian Skald)          Turns: 1330, Time: 00:10:08

Health: -4/30      AC:  5    Str: 14    XL:     3   Next: 83%
Magic:  4/6        EV: 12    Int: 13    God:
Gold:   180        SH:  0    Dex: 10    Spells: 5/6 levels left

rFire    x . .     SeeInvis .   o - +0 rapier
rCold    + . .     Gourm    .   (no shield)
rNeg     . . .     Faith    .   (armour unavailable)
rPois    .         Spirit   .   (helmet restricted)
rElec    .         Reflect  .   (no cloak)
rCorr    .         Harm     .   (no gloves)
MR       .....                  (no boots)
Stlth    +.........             (no amulet)
HPRegen  0.10/turn              q - ring of ice
MPRegen  0.10/turn              (no ring)

@: infused
A: unfitting armour, cold-blooded, AC +5
a: no special abilities


You were on level 3 of the Dungeon.
You were not hungry.

You visited 1 branch of the dungeon, and saw 3 of its levels.

You collected 180 gold pieces.

Inventory:

Hand Weapons
 a - a +0 spear
 b - a cursed +0 hand axe
 e - a +0 club
 o - a +0 rapier (weapon)
 p - a +0 short sword
Armour
 d - a cursed +0 leather armour
Jewellery
 q - a ring of ice (left hand)
Scrolls
 f - a scroll of amnesia {unknown}
 h - 2 scrolls of teleportation {unknown}
 k - 2 scrolls of fog {unknown}
 l - a scroll of identify {unknown}
 r - a scroll of random uselessness {unknown}
Potions
 g - a potion of stabbing {unknown}
 i - a potion of mutation {unknown}
 m - a potion of flight {unknown}
 n - 2 potions of heal wounds {unknown}
Comestibles
 c - a ration


   Skills:
 + Level 2.3 Fighting
 + Level 2.7 Polearms
 + Level 2.6 Dodging
 + Level 0.2 Stealth
 + Level 2.3 Spellcasting
 + Level 3.2 Charms


You had 5 spell levels left.
You knew the following spells:

 Your Spells              Type           Power        Failure   Level  Hunger
a - Infusion              Chrm           #...         7%          1    #......

Your spell library contained the following spells:

 Spells                   Type           Power        Failure   Level  Hunger
 Song of Slaying          Chrm           #.......     10%         2    ###....
 Shroud of Golubria       Chrm/Tloc      #.....       19%         2    ###....
 Ozocubu's Armour         Chrm/Ice       #.......     36%         3    ###....
 Spectral Weapon          Hex/Chrm       #.......     36%         3    ###....


Dungeon Overview and Level Annotations

Branches:
Dungeon (3/15)

Altars:

Annotations:
D:3 Sigmund, Terence


Innate Abilities, Weirdness & Mutations

Your plain brown scales are hard. (AC +5)
You cannot fit into any form of body armour.
You are cold-blooded and may be slowed by cold attacks.


Message History

Sigmund casts a spell at you.
You are confused.
It was a potion of curing.
You feel better. The hobgoblin misses you. Terence closely misses you.
The goblin barely misses you. Sigmund completely misses you.
Casting: Infusion (safe; 7% risk of failure)
Confirm with . or Enter, or press ? or * to list all spells.
You begin infusing your attacks with magical energy.
The hobgoblin hits you but does no damage.
The goblin barely misses you. Terence hits you with a +0 flail.
You barely miss Sigmund.
Sigmund is moderately wounded.
Sigmund points at you and mumbles some strange words.
You resist with significant effort. The hobgoblin completely misses you.
The goblin barely misses you. Terence hits you with a +0 flail.
* * * LOW HITPOINT WARNING * * *
You hit Sigmund.
Sigmund is heavily wounded.
Sigmund hits you with a cursed -2 scythe!
You die...

.).. ...# ### .. $.#
........ .. ..## .
..>#.#.# .. ...# .. ....
#.# .# ...#... ##.# #.#
.# ##....... ##.###.##
.###........
...>....####.##g@@8...8.
............##..@.......
#.##.(..#...'...8g..⌠...
##.#.#####..##..........
...# #....$##...8...8.
#.### #.#######........
..## ... ##....... #.
... ...#... .... ...#...
#.. .##


You could see Sigmund, Terence, a hobgoblin and a goblin.

Vanquished Creatures
  2 adders (D:2)
  2 dart slugs
  2 leopard geckos
  2 giant cockroaches (D:1)
  4 hobgoblins
  2 jackals (D:2)
  8 kobolds
  3 bats
  6 frilled lizards
  3 goblins
  3 rats
37 creatures vanquished.

Notes
Turn   | Place    | Note
-------+----------+-------------------------------------------
     0 | D:1      | Anorak87 the Draconian Skald began the quest for the Orb.
     0 | D:1      | Reached XP level 1. HP: 17/17 MP: 3/3
   124 | D:1      | Reached skill level 3 in Charms
   153 | D:1      | Reached XP level 2. HP: 20/24 MP: 5/5
   745 | D:2      | Reached XP level 3. HP: 29/29 MP: 6/6
  1315 | D:3      | Noticed Sigmund
  1319 | D:3      | Noticed Terence
  1330 | D:3      | Slain by Sigmund

Illustrated notes

Levels and vault maps discovered:
D:1:      minmay_arrival_three_doors, layout_basic, minmay_misc_feat_room,
          kennysheep_boxes
D:2:      layout_basic, minivault_4
D:3:      layout_loops_ring, minmay_overflow_temple_star_hex,
          nicolae_overflow_hidden_temple, uniq_terence, uniq_sigmund,
          uniq_crazy_yiuf_cottage

Skill      XL: |  1 |
---------------+----+-----
Charms         | 3 |  3.2
Fighting       | |  2.3
Polearms       | |  2.7
Dodging        | |  2.6
Stealth        | |  0.2
Spellcasting   | |  2.3

Action                   || total
-------------------------++-------
Melee: Spear             ||   110
       Tailslap          ||    15
       Rapier            ||    22
 Cast: Infusion          ||     1
  Use: Scroll            ||     1
       Potion            ||     1
 Stab: Sleeping          ||     1
  Eat: Ration            ||     1
Armor: Skin              ||    58
Dodge: Dodged            ||   125
